 Dungeon Crawl Stone Soup version 0.23.2-33-g5129a83184 (webtiles) character file.

Game seed: 10362891820427577139

3992 Folque the Destroyer (level 9, -2/69 HPs)
             Began as a Demigod Conjurer on July 9, 2019.
             Slain by Joseph
             ... wielding a +0 quarterstaff of distortion
              (14 damage)
             ... on level 7 of the Dungeon.
             The game lasted 00:34:49 (6844 turns).

Folque the Destroyer (Demigod Conjurer)             Turns: 6844, Time: 00:34:50

Health: -2/69      AC:  9    Str: 13    XL:     9   Next: 73%
Magic:  11/27      EV: 14    Int: 23    God:
Gold:   320        SH:  0    Dex: 16    Spells: 2/16 levels left

rFire    . . .     SeeInvis .   J - staff of conjuration
rCold    . . .     Gourm    .   (no shield)
rNeg     . . .     Faith    .   F - +0 ring mail
rPois    .         Spirit   .   (no helmet)
rElec    .         Reflect  .   (no cloak)
rCorr    .         Harm     .   (no gloves)
MR       .....                  f - +2 pair of boots
Stlth    +.........             z - amulet of the acrobat
HPRegen  0.21/turn              y - ring of magical power
MPRegen  0.20/turn              C - +3 ring of evasion

@: very slightly contaminated
A: blink, high mp 1, screaming 1, wild magic 1
a: Blink


You were on level 7 of the Dungeon.
You were not hungry.

You visited 2 branches of the dungeon, and saw 8 of its levels.

You collected 320 gold pieces.

Inventory:

Hand Weapons
 g - a +0 dagger
 h - a +1 whip of freezing
 t - a +1 long sword
 w - a +0 morningstar
 H - the cursed +0 whip "Wotichut" {elec, Dex+3}
   (You found it on level 6 of the Dungeon)

   Occasionally, upon striking a foe, it will discharge some electrical energy
   and cause terrible harm.
   It affects your dexterity (+3).
   It has a curse placed upon it.
 O - a +4 dagger of freezing
Missiles
 p - 20 tomahawks (quivered)
 P - a throwing net
Armour
 a - a +0 robe
 f - a +2 pair of boots (worn)
 j - a +2 buckler
 F - a +0 ring mail (worn)
Magical Staves
 J - an uncursed staff of conjuration (weapon)
Jewellery
 i - a cursed ring of attention {unknown}
 k - an uncursed ring of resist corrosion {unknown}
 o - an uncursed ring of see invisible {unknown}
 r - a cursed ring of attention {unknown}
 y - a ring of magical power (left hand)
 z - an amulet of the acrobat (around neck)
 B - an uncursed ring of protection from cold {unknown}
 C - a +3 ring of evasion (right hand)
Wands
 u - a wand of random effects (18)
 A - a wand of digging (4)
 E - a wand of iceblast (9)
Scrolls
 d - 4 scrolls of teleportation {unknown}
 e - 3 scrolls of identify
 I - a scroll of amnesia
 K - a scroll of fear {unknown}
 M - a scroll of blinking {unknown}
Potions
 l - a potion of berserk rage
 m - a potion of degeneration
 n - 5 potions of magic
 q - a potion of mutation
 v - 3 potions of lignification
 x - 6 potions of heal wounds
 D - 2 potions of haste {unknown}
 G - 2 potions of flight {unknown}
 L - a potion of agility
 N - a potion of brilliance {unknown}
Comestibles
 b - 2 chunks of flesh
 c - 13 rations


   Skills:
 - Level 3.1 Fighting
 - Level 6.0 Armour
 - Level 1.7 Dodging
 - Level 2.0 Stealth
 - Level 4.0 Spellcasting
 + Level 8.2 Conjurations
 - Level 6.1 Hexes
 + Level 3.8 Evocations


You had 2 spell levels left.
You knew the following spells:

 Your Spells              Type           Power        Failure   Level  Hunger
a - Magic Dart            Conj           ####         1%          1    None
b - Searing Ray           Conj           ######       2%          2    #......
c - Dazzling Spray        Conj/Hex       ######       5%          3    ##.....
d - Fulminant Prism       Conj/Hex       ######....   16%         4    ####...
e - Iskenderun's Mystic   Conj           ######..     11%         4    ####...

Your spell library contained the following spells:

 Spells                   Type           Power        Failure   Level  Hunger
 Shock                    Conj/Air       ####         6%          1    None
 Swiftness                Chrm/Air       #.......     38%         2    #......
 Static Discharge         Conj/Air       #####...     17%         3    ##.....
 Force Lance              Conj/Tloc      #####...     45%         4    ####...
 Lightning Bolt           Conj/Air       #####.....   78%         5    ######.
 Airstrike                Air            #.........   94%         4    ####...


Dungeon Overview and Level Annotations

Branches:
Dungeon (7/15)             Temple (1/1) D:4

Shops:
D:7 *

Annotations:
D:7 Joseph


Innate Abilities, Weirdness & Mutations

You have an increased reservoir of magic. (+10% MP)
You can translocate small distances at will.
You occasionally shout uncontrollably at your foes.
Your spells are a little harder to cast, but a little more powerful.


Message History

You feel a surge of power!
You miscast Searing Ray.
You are very lightly contaminated with residual magic.
Strange energies run through your body.
Joseph hits you with a +0 quarterstaff of distortion.
Space warps horribly around you!
Your fulminant prism crackles loudly.
Joseph closely misses you.
Your fulminant prism explodes!
The blast of energy engulfs Joseph!!
Joseph is almost dead.
Casting: Searing Ray (safe; 2% risk of failure)
Confirm with . or Enter, or press ? or * to list all spells.
Aiming: Magic Dart (safe; 1% risk of failure)
Press: ? - help, Shift-Dir - straight line You feel a surge of power!
The magic dart hits Joseph.
Joseph is almost dead.
Joseph hits you with a +0 quarterstaff of distortion!
* * * LOW HITPOINT WARNING * * *
Space warps horribly around you!
You die...

#.# #.#
#####.#.### #(#
#.# #.........#
#)#
..######.##....###
#.....#
####.....##..###
#'#####
#.######..# #.#..
...# # #.#.# #.##
.. #.#.# #.#
#.###.#@# #.#
#..@..#@####.#
####....(....#
#.###.##### #.#
#.# #.###.#
#.....# #######


You could see Joseph.

Vanquished Creatures
  Grinder (D:6)
  Sigmund (D:2)
  Menkaure (D:7)
  2 water moccasins (D:7)
  An ice beast (D:4)
  3 sky beasts
  3 orc warriors
  5 ogres
  An eye of draining (D:7)
  3 centaurs
  A big kobold (D:7)
  A bullfrog (D:6)
  A gnoll sergeant (D:7)
  A water moccasin zombie (D:5)
  3 scorpions
  3 wights (D:7)
  3 howler monkeys
  A crimson imp (D:7)
  A bullfrog zombie (D:7)
  A quasit (D:6)
  A centaur zombie (D:7)
  5 orc priests
  A hound (D:7)
  19 orc wizards
  A bullfrog skeleton (D:7)
  Jessica (D:2)
  A centaur skeleton (D:5)
  5 worker ants
  2 hound skeletons
  5 gnolls (D:7)
  8 adders
  A howler monkey skeleton (D:4)
  An adder zombie (D:6)
  A worm (D:4)
  4 dart slugs
  6 leopard geckos
  21 orcs
  5 giant cockroaches
  8 hobgoblins
  9 jackals
  5 quokkas
  3 ball pythons
  8 bats
  6 frilled lizards
  10 goblins
  7 kobolds
  A leopard gecko skeleton (D:4)
  A leopard gecko zombie (D:5)
  A quokka skeleton (D:5)
  8 rats
192 creatures vanquished.

Vanquished Creatures (others)
  23 fulminant prisms
23 creatures vanquished.

Grand Total: 215 creatures vanquished

Notes
Turn   | Place    | Note
-------+----------+-------------------------------------------
     0 | D:1      | Folque the Demigod Conjurer began the quest for the Orb.
     0 | D:1      | Reached XP level 1. HP: 14/14 MP: 5/5
   292 | D:1      | Reached XP level 2. HP: 22/22 MP: 4/7
   394 | D:1      | Reached skill level 4 in Conjurations
   404 | D:1      | Learned a level 2 spell: Searing Ray
   538 | D:1      | Reached skill level 1 in Fighting
  1008 | D:2      | Reached XP level 3. HP: 28/28 MP: 0/8
  1083 | D:2      | Learned a level 3 spell: Dazzling Spray
  1151 | D:2      | Noticed Sigmund
  1195 | D:2      | HP: 2/42 [Sigmund/+0 scythe (3)]
  1196 | D:2      | Gained mutation: You occasionally shout uncontrollably at
                  | your foes. [potion of mutation]
  1196 | D:2      | Gained mutation: You can translocate small distances at
                  | will. [potion of mutation]
  1196 | D:2      | Gained mutation: Your spells are a little harder to cast,
                  | but a little more powerful. [potion of mutation]
  1200 | D:2      | Killed Sigmund
  1200 | D:2      | Reached XP level 4. HP: 3/35 MP: 7/9
  1200 | D:2      | Reached XP level 5. HP: 4/40 MP: 7/10
  1803 | D:2      | Noticed Jessica
  1810 | D:2      | Killed Jessica
  1975 | D:3      | Reached skill level 5 in Conjurations
  2143 | D:3      | Noticed an ogre
  2152 | D:3      | Killed an ogre
  2152 | D:3      | Reached XP level 6. HP: 47/47 MP: 6/13
  2161 | D:3      | Learned a level 4 spell: Fulminant Prism
  2837 | D:4      | Found a staircase to the Ecumenical Temple.
  2846 | Temple   | Entered the Ecumenical Temple
  3763 | D:5      | Entered Level 5 of the Dungeon
  3780 | D:4      | Reached XP level 7. HP: 44/52 MP: 14/16
  3900 | D:5      | Reached skill level 1 in Armour
  4171 | D:5      | Found a hazy altar of Hepliaklqana.
  4492 | D:5      | Found a basalt altar of Yredelemnul.
  4540 | D:5      | Reached skill level 6 in Conjurations
  4540 | D:5      | Reached XP level 8. HP: 41/61 MP: 11/17
  4770 | D:5      | Found a bloodstained altar of Trog.
  4832 | D:5      | Found a shimmering altar of Xom.
  5059 | D:6      | Learned a level 4 spell: Iskenderun's Mystic Blast
  5094 | D:6      | Found a hide-covered altar of Uskayaw.
  5113 | D:6      | Got an encrusted whip
  5190 | D:6      | Reached skill level 5 in Hexes
  5311 | D:6      | Identified the cursed +0 whip "Wotichut" {elec, Dex+3} (You
                  | found it on level 6 of the Dungeon)
  5558 | D:6      | Reached skill level 5 in Armour
  5575 | D:6      | Found a blossoming altar of Fedhas.
  5616 | D:6      | Noticed Grinder
  5622 | D:6      | Killed Grinder
  5705 | D:6      | Found an ornate altar of the Wu Jian Council.
  5917 | D:7      | Reached XP level 9. HP: 65/67 MP: 16/18
  5970 | D:7      | Reached skill level 7 in Conjurations
  6123 | D:7      | Found Lotywarr's Serpentskin Sales.
  6143 | D:7      | Reached skill level 1 in Evocations
  6241 | D:7      | Noticed Menkaure
  6248 | D:7      | Killed Menkaure
  6515 | D:7      | Reached skill level 8 in Conjurations
  6826 | D:7      | Noticed Joseph
  6844 | D:7      | Slain by Joseph

Skill      XL: |  1  2  3  4  5  6  7  8  9 |
---------------+----------------------------+-----
Spellcasting   | 2 4 |  4.0
Conjurations   | 4 5 6 8 |  8.2
Fighting       | 1 2 3 |  3.1
Stealth        | 2 |  2.0
Hexes          | 3 4 5 6 |  6.1
Armour         | 2 5 6 |  6.0
Evocations     | 3 |  3.8
Dodging        | |  1.7

Action                   |  1- 3 |  4- 6 |  7- 9 || total
-------------------------+-------+-------+-------++-------
Melee: Unarmed           |    10 |       |       ||    10
       Dagger            |    40 |     4 |       ||    44
       Long sword        |       |    86 |    25 ||   111
       Morningstar       |       |     2 |       ||     2
       Staff             |       |       |     8 ||     8
Throw: Tomahawk          |       |       |     1 ||     1
 Cast: Magic Dart        |    37 |    18 |    40 ||    95
       Searing Ray       |     2 |    16 |    41 ||    59
       Dazzling Spray    |       |     3 |    17 ||    20
       Fulminant Prism   |       |       |    23 ||    23
       Iskenderun's Myst |       |       |     3 ||     3
Evoke: Wand              |       |       |     1 ||     1
  Use: Potion            |     5 |       |     1 ||     6
       Scroll            |       |    11 |     2 ||    13
 Stab: Sleeping          |     3 |     5 |     1 ||     9
       Distracted        |       |     1 |       ||     1
  Eat: Chunk             |     1 |     9 |    16 ||    26
Armor: Robe              |    11 |    21 |     6 ||    38
       Skin              |     3 |       |       ||     3
       Ring mail         |       |       |    27 ||    27
Dodge: Dodged            |    34 |    93 |   104 ||   231
       Rpst.: Long sword |       |    29 |    18 ||    47
